 Dungeon Crawl Stone Soup version 0.24-a0-284-g9fb9971 (webtiles) character file.

Game seed: 2207092083870619

148 Anon1729 the Ducker (level 5, -1/41 HPs)
             Began as a Vampire Monk on May 5, 2019.
             Slain by an elf zombie (8 damage)
             ... in an ossuary.
             The game lasted 00:05:41 (3019 turns).

Anon1729 the Ducker (Vampire Monk)                  Turns: 3019, Time: 00:05:42

Health: -1/41      AC:  0    Str: 10    XL:     5   Next: 8%
Magic:  3/5        EV: 24    Int: 12    God:
Gold:   95         SH:  0    Dex: 23    Spells: 4/4 levels left

rFire    . . .     SeeInvis +   (weapon currently unavailable)
rCold    . . .     Gourm    .   (shield currently unavailable)
rNeg     + . .     Faith    .   (armour currently unavailable)
rPois    .         Spirit   .   (helmet currently unavailable)
rElec    .         Reflect  .   (cloak currently unavailable)
rCorr    .         Harm     .   (gloves currently unavailable)
MR       .....                  (boots currently unavailable)
Stlth    +++++.....             (no amulet)
HPRegen  0.13/turn              (ring currently unavailable)
MPRegen  0.09/turn              (ring currently unavailable)

@: bat-form, marked, flying, very quick
A: tiny, fangs 3, see invisible
a: End Transformation


You were in an ossuary.
You were not thirsty.
You were in vampire-bat-form.
You visited 1 branch of the dungeon, and saw 4 of its levels.
You also visited: Ossuary.

You collected 95 gold pieces.

Inventory:

Hand Weapons
 a - a +0 falchion (melded)
 o - a +1 hunting sling of freezing
Armour
 b - a +0 robe (melded)
 i - a +0 pair of boots (melded)
 j - a +0 buckler
Jewellery
 d - an uncursed ring of protection from magic {unknown}
Scrolls
 f - 10 scrolls of remove curse {unknown}
 h - 2 scrolls of identify {unknown}
 m - a scroll of teleportation {unknown}
 n - 2 scrolls of blinking {unknown}
 q - a scroll of magic mapping {unknown}
 r - 2 scrolls of enchant weapon {unknown}
Potions
 c - 10 potions of blood
 e - 4 potions of curing {unknown}
 g - a potion of ambrosia {unknown}
 k - 3 potions of heal wounds {unknown}
 l - a potion of resistance {unknown}
 p - 3 potions of invisibility {unknown}
 s - 2 potions of haste {unknown}
 t - a potion of lignification {unknown}


   Skills:
 + Level 3.2 Fighting
 * Level 4.2 Long Blades
 * Level 4.6 Dodging
 + Level 4.2 Stealth


You had 4 spell levels left.
You didn't know any spells.
Your spell library was empty.

Dungeon Overview and Level Annotations

Branches:
Dungeon (5/15)
 Temple: D:4-7

Altars:
Hepliaklqana
Nemelex Xobeh


Innate Abilities, Weirdness & Mutations

You have razor-sharp teeth.
You have supernaturally acute eyesight. (SInv)
((You can survive without breathing.))


Message History

You hit the human zombie.
The human zombie is almost destroyed.
You hit the human zombie.
The human zombie is almost destroyed.
The human zombie hits you.
You hit the human zombie.
The human zombie is almost destroyed.
The human zombie hits you!
* * * LOW HITPOINT WARNING * * *
The orc zombie barely misses you.
You riposte.
You hit the orc zombie but do no damage.
The hobgoblin zombie barely misses you.
You turn into a vampire bat.
Your +0 falchion melds into your body.
Your +0 pair of boots melds into your body.
Your +0 robe melds into your body.
The orc zombie closely misses you. The human zombie hits you.
* * * LOW HITPOINT WARNING * * *
The hobgoblin zombie misses you. The elf zombie hits you!
You die...

#...#.......# #.#..Z#
#...#.......####.#...#
#...#.Z..........#...#
#...#.####..####.#.Z.#
#...#.#..#..# #.#...#
#...#....#^.# Z.#...#
#...######..######...#
#.....Z.Z..Z..M......#
#.....ZbZ8..8........#
#....................#
#....................#
######################


You could see a mummy, a hobgoblin zombie, an orc zombie, 2 elf zombies and a
human zombie.

Vanquished Creatures
  A human zombie (Ossuary)
  An orc priest (D:2)
  2 adders
  A shadow imp (D:5)
  A worm (D:2)
  2 leopard geckos
  3 orcs
  3 giant cockroaches
  6 hobgoblins
  2 quokkas
  A bat (D:2)
  2 frilled lizards
  5 goblins
  13 hobgoblin zombies (Ossuary)
  3 jackal zombies (Ossuary)
  4 kobolds
  5 kobold zombies (Ossuary)
  5 orc zombies (Ossuary)
  3 rats
  3 rat zombies (Ossuary)
66 creatures vanquished.

Notes
Turn   | Place    | Note
-------+----------+-------------------------------------------
     0 | D:1      | Anon1729 the Vampire Monk began the quest for the Orb.
     0 | D:1      | Reached XP level 1. HP: 17/17 MP: 1/1
    81 | D:1      | Found a sparkling altar of Nemelex Xobeh.
   553 | D:1      | Reached XP level 2. HP: 17/23 MP: 2/2
   982 | D:2      | Found a hazy altar of Hepliaklqana.
  1434 | D:2      | Reached XP level 3. HP: 25/28 MP: 3/3
  1726 | D:2      | Reached XP level 4. HP: 35/35 MP: 4/4
  2128 | D:3      | Found a faded altar of an unknown god.
  2175 | D:3      | You fall through a shaft for 2 floors!
  2175 | D:5      | Entered Level 5 of the Dungeon
  2206 | D:5      | Noticed a sky beast
  2237 | D:5      | Noticed a sky beast
  2243 | D:5      | Found a sand-covered staircase.
  2249 | Ossuary  | Entered an ossuary
  2861 | Ossuary  | Reached XP level 5. HP: 18/41 MP: 5/5
  3019 | Ossuary  | Slain by an elf zombie

Levels and vault maps discovered:
D:1:      matt_arrival_grand_opening, layout_loops_ring,
          nemelex_diamond_rough_becter
D:2:      layout_basic, nicolae_overflow_crystal_walls, serial_bayou_pond_d
D:3:      layout_rooms, chequers_ecumenical_altar_simple, first_ration,
          roderic_serpentine_path, serial_bayou_pond_a
D:5:      layout_basic, nicolae_overflow_hidden_temple,
          minmay_temple_entry_hall, enter_ossuary_1, kennysheep_pointless_box,
          minmay_misc_feat_five, uniq_eustachio, uniq_edmund, uniq_blork_the_orc
Ossuary:  ossuary_tomb_1

Skill      XL: |  1  2  3  4 |
---------------+-------------+-----
Fighting       | 3 |  3.2
Dodging        | 4 |  4.6
Stealth        | 4 |  4.2
Long Blades    | 4 |  4.2

Action                   |  1- 3 |  4- 6 || total
-------------------------+-------+-------++-------
Melee: Falchion          |    70 |   155 ||   225
       Bite              |     8 |    27 ||    35
       Unarmed           |       |     2 ||     2
 Abil: Bat Form          |       |     3 ||     3
       End Transformatio |       |     2 ||     2
  Use: Potion            |     7 |       ||     7
 Stab: Sleeping          |     3 |     2 ||     5
  Eat: Corpse            |     1 |       ||     1
Armor: Robe              |     7 |    27 ||    34
Dodge: Dodged            |    37 |   123 ||   160
       Rpst.: Falchion   |    13 |    33 ||    46

Table legend:
 A = Non-vault XP
 B = Vault XP
 C = Vault XP percentage of total XP
 D = Non-vault monster count
 E = Vault monster count
 F = Vault count percentage of total count
                 A         B        C        D         E       F
            +---------+---------+-------+---------+---------+-------
      Total |     140 |      72 |  34.0 |      36 |      30 |  45.5
            +---------+---------+-------+---------+---------+-------
        D:1 |      15 |       0 |   0.0 |       9 |       0 |   0.0
        D:2 |      82 |       0 |   0.0 |      15 |       0 |   0.0
        D:3 |      30 |       0 |   0.0 |      10 |       0 |   0.0
        D:5 |      13 |       0 |   0.0 |       2 |       0 |   0.0
    Ossuary |       0 |      72 | 100.0 |       0 |      30 | 100.0
            +---------+---------+-------+---------+---------+-------
